 Dungeon Crawl Stone Soup version 0.20-a0-971-g5896763 (webtiles) character file.

2095 Leszczynek the Basher (level 9, -3/81 HPs)
             Began as an Ogre Summoner on Apr 8, 2017.
             Was an Elder of Okawaru.
             Slain by a hornet (13 damage)
             ... on level 8 of the Dungeon.
             The game lasted 00:35:29 (4805 turns).

Leszczynek the Basher (Ogre Summoner)               Turns: 4805, Time: 00:35:30

Health: -3/81      AC:  4    Str: 13 (15) XL:     9   Next: 27%
Magic:  6/12       EV: 12    Int: 16 (19) God:    Okawaru [****..]
Gold:   196        SH:  0    Dex: 11 (13) Spells: 7/12 levels left

rFire    . . .     SeeInvis .   a - +0 flail
rCold    . . .     Gourm    .   (no shield)
rNeg     . . .     Faith    .   r - +0 robe
rPois    +         Spirit   .   (helmet restricted)
rElec    .         Reflect  .   (no cloak)
rCorr    .         Harm     .   (gloves unavailable)
MR       .....                  (boots unavailable)
Stlth    +++.......             v - amulet of regeneration
Regen    0.7/turn               c - +3 ring of intelligence
MPRegen  0.2/turn               C - ring of poison resistance

@: lethally poisoned (-3 -> -3), heroism, slowed, very slow
A: unfitting armour, hooves 1, agile 1, shaggy fur 1, tough skin 1
a: Heroism, Renounce Religion


You were on level 8 of the Dungeon.
You worshipped Okawaru.
Okawaru was greatly pleased with you.
You were not hungry.

You visited 1 branch of the dungeon, and saw 9 of its levels.

You collected 335 gold pieces.
You spent 139 gold pieces at shops.

Inventory:

Hand Weapons
 a - a +0 flail (weapon)
 k - a +0 whip
 q - a +0 rapier
 F - a +1 mace
Missiles
 s - 5 large rocks (quivered)
 y - 8 silver javelins
 A - 5 tomahawks
 G - 3 needles of confusion
Armour
 r - a +0 robe (worn)
 t - a +0 large shield
Jewellery
 c - a +3 ring of intelligence (left hand)
 e - a +3 ring of dexterity
 m - an uncursed ring of loudness
 v - an amulet of regeneration (around neck)
 C - a ring of poison resistance (right hand)
Wands
 f - a wand of paralysis (8/24)
 o - a wand of polymorph (10/24)
 E - a wand of flame (24/48)
Scrolls
 g - a scroll of remove curse {@r2}
 j - 2 scrolls of blinking
 p - a scroll of amnesia
 u - a scroll of enchant weapon
 x - 2 scrolls of magic mapping
 z - 2 scrolls of immolation
 B - 3 scrolls of teleportation
Potions
 w - 3 potions of brilliance
Books
 b - a book of Callings

   Spells                             Type                      Level
   a - Summon Small Mammal            Summoning                    1
   b - Call Imp                       Summoning                    2
   c - Call Canine Familiar           Summoning                    3
   d - Summon Guardian Golem          Hexes/Summoning              3
   e - Summon Lightning Spire         Summoning/Air                4
   f - Summon Ice Beast               Ice/Summoning                4
Comestibles
 d - 3 bread rations
 h - 4 meat rations
 i - 6 fruits
 D - 5 chunks of flesh


   Skills:
 - Level 3.0(8.0) Fighting
 - Level 10.2(15.2) Maces & Flails
 - Level 1.7(6.7) Dodging
 - Level 1.4(6.4) Stealth
 - Level 2.4 Spellcasting
 - Level 3.6 Summonings
 + Level 3.0 Invocations


You had 7 spell levels left.
You knew the following spells:

 Your Spells              Type           Power        Failure   Level  Hunger
b - Call Imp              Summ           ##......     10%         2    ###....
c - Call Canine Familiar  Summ           ##......     14%         3    ###....


Dungeon Overview and Level Annotations

Branches:
Dungeon (9/15)             Temple (0/1) D:6
   Lair: D:8-11         Orc: D:9-12

Altars:
Fedhas
Okawaru
Qazlal
Sif Muna
Uskayaw
Wu Jian
Yredelemnul

Shops:
D:5 *

Annotations:
D:8 Erica


Innate Abilities, Weirdness & Mutations

You are too large for most types of armour.
You have tough skin. (AC +1)
You have large cloven feet.
You are agile. (Dex +2)
You are covered in fur. (AC +1)


Message History

Your hound closely misses the worker ant.
The worker ant bites your hound but does no damage.
The hornet stings you.
* * * LOW HITPOINT WARNING * * *
You feel as though you will be slow longer.
Your hound bites the worker ant but does no damage.
The worker ant waves its antennae.
The worker ant bites your hound. The hornet stings you.
* * * LOW HITPOINT WARNING * * *
You feel as though you will be slow longer.
Unknown command.
It was a potion of degeneration.
There was something very wrong with that liquid.
You feel weakened.
You feel dopey.
You feel clumsy.
You feel sick.
Your hound bites the worker ant.
The worker ant dies!
Okawaru accepts your kill.
Your Invocations skill increases to level 3!
The hornet stings you!
You die...

...........# .#
...#######.# .# ...+.. #
#.#### .# ...#.#.# #....#
.# ...#.#.######a#### y#
.................# .#
####.#.######.##.########$#
#.#.# #.#.hy........# #.# #
#.##@########## ###.#.###
#.#### #.......####.#
#<#..........#####
.....###.#........# .#.###
#.#.######.# .#.# #.#.# #.#
#.# #.#.# #.# #.#####.#.#
#.#


You could see a hornet and a friendly hound.

Vanquished Creatures
  A troll (D:9)
  A hippogriff (D:8)
  2 orc warriors (D:7)
  A slave (D:8)
  A phantom (D:7)
  An eye of draining (D:9)
  2 centaurs
  2 big kobolds
  A scorpion (D:4)
  3 howler monkeys (D:7)
  A bullfrog zombie (D:6)
  A crimson imp (D:5)
  6 orc priests
  A hound (D:6)
  2 bullfrog skeletons
  A centaur skeleton (D:8)
  2 iguanas
  A worker ant (D:5)
  2 orc wizards
  A hound zombie (D:7)
  A worker ant zombie (D:7)
  2 gnolls
  4 adders
  A shadow imp (D:7)
  An adder skeleton (D:6)
  A worm (D:4)
  A dart slug (D:2)
  3 leopard geckos
  11 orcs
  A ball python (D:4)
  4 giant cockroaches
  2 hobgoblins (D:2)
  11 jackals
  5 kobolds
  2 quokkas
  4 bats
  4 goblins
  3 rats
94 creatures vanquished.

Vanquished Creatures (collateral kills)
  A hungry ghost (D:9)
  A sky beast (D:5)
  A centaur (D:6)
  A bullfrog (D:6)
  A crimson imp (D:6)
  A bullfrog skeleton (D:4)
  2 hounds
  2 orc priests
  A jelly (D:7)
  An iguana (D:5)
  An orc wizard (D:7)
  2 worker ants
  2 gnolls (D:7)
  4 adders
  2 worms (D:2)
  A dart slug (D:2)
  10 orcs
  A bat (D:1)
  A giant cockroach (D:7)
  6 jackals
  4 kobolds
  3 frilled lizards
  A rat (D:2)
50 creatures vanquished.

Grand Total: 144 creatures vanquished

Notes
Turn   | Place    | Note
-------+----------+-------------------------------------------
     0 | D:1      | Leszczynek the Ogre Summoner began the quest for the Orb.
     0 | D:1      | Reached XP level 1. HP: 16/16 MP: 3/3
   131 | D:1      | Reached skill level 1 in Fighting
   171 | D:1      | Reached skill level 2 in Fighting
   171 | D:1      | Reached XP level 2. HP: 26/28 MP: 3/5
   181 | D:1      | Learned a level 2 spell: Call Imp
   227 | D:1      | You fall through a shaft!
   227 | D:2      | Found an iron altar of Okawaru.
   229 | D:2      | Became a worshipper of Warmaster Okawaru
   316 | D:2      | Reached skill level 3 in Fighting
   409 | D:2      | Reached XP level 3. HP: 29/37 MP: 3/6
   432 | D:2      | Reached skill level 1 in Maces & Flails
   437 | D:2      | Learned a level 3 spell: Call Canine Familiar
   536 | D:3      | HP: 3/37 [leopard gecko (5)]
   696 | D:3      | Gained mutation: You are covered in fur. (AC +1) [potion of mutation]
   696 | D:3      | Gained mutation: You are agile. (Dex +2) [potion of mutation]
   696 | D:3      | Gained mutation: You have large cloven feet. [potion of mutation]
   782 | D:4      | Reached skill level 2 in Maces & Flails
   782 | D:4      | Reached XP level 4. HP: 9/45 MP: 3/7
  1129 | D:5      | Entered Level 5 of the Dungeon
  1129 | D:5      | Noticed a phantom
  1239 | D:4      | Reached skill level 3 in Maces & Flails
  1239 | D:4      | Reached XP level 5. HP: 22/53 MP: 4/8
  1335 | D:3      | Found a basalt altar of Yredelemnul.
  1388 | D:3      | Reached * piety under Okawaru
  1624 | D:4      | Reached skill level 4 in Maces & Flails
  1784 | D:5      | Reached XP level 6. HP: 38/61 MP: 6/9
  1880 | D:6      | Noticed an orc warrior
  2017 | D:5      | Found a basalt altar of Yredelemnul.
  2058 | D:5      | Noticed a sky beast
  2081 | D:5      | Killed a sky beast
  2081 | D:5      | Reached ** piety under Okawaru
  2081 | D:5      | Reached skill level 5 in Maces & Flails
  2104 | D:5      | Found a blossoming altar of Fedhas.
  2114 | D:5      | Found a stormy altar of Qazlal.
  2307 | D:5      | Found Odeit's Assorted Antiques.
  2316 | D:5      | Bought a sapphire potion for 26 gold pieces
  2316 | D:5      | Bought a scroll labeled ZURCHOO YSCHEE for 29 gold pieces
  2316 | D:5      | Bought a scroll labeled WEEXANOKHE for 29 gold pieces
  2316 | D:5      | Bought a blue potion for 26 gold pieces
  2316 | D:5      | Bought a scroll labeled OVILYVV JAREPN for 29 gold pieces
  2386 | D:6      | Reached XP level 7. HP: 54/67 MP: 5/10
  2388 | D:6      | Reached skill level 6 in Maces & Flails
  2621 | D:6      | HP: 6/67 [orc/hand axe (5)]
  2923 | D:6      | Found a staircase to the Ecumenical Temple.
  2985 | D:6      | Reached skill level 7 in Maces & Flails
  3069 | D:7      | Reached *** piety under Okawaru
  3119 | D:8      | Found a hide-covered altar of Uskayaw.
  3119 | D:8      | Found a deep blue altar of Sif Muna.
  3119 | D:8      | Found an ornate altar of the Wu Jian Council.
  3119 | D:8      | Noticed Erica
  3119 | D:8      | Noticed a two-headed ogre
  3120 | D:8      | uh huh
  3149 | D:7      | Reached XP level 8. HP: 53/75 MP: 4/11
  3276 | D:7      | Reached skill level 8 in Maces & Flails
  3318 | D:7      | HP: 3/75 [phantom (6)]
  3536 | D:7      | HP: 5/75 [iguana (7)]
  3547 | D:7      | HP: 10/112 [kobold/short sword (2)]
  3557 | D:7      | HP: 4/75 [big kobold/short sword (5)]
  3833 | D:7      | Reached skill level 9 in Maces & Flails
  4192 | D:8      | Noticed a hornet
  4360 | D:8      | Noticed a hippogriff
  4384 | D:8      | Killed a hippogriff
  4384 | D:8      | Reached **** piety under Okawaru
  4384 | D:8      | Reached XP level 9. HP: 27/81 MP: 7/12
  4514 | D:9      | Noticed a troll
  4540 | D:9      | Reached skill level 10 in Maces & Flails
  4540 | D:9      | Reached skill level 1 in Invocations
  4573 | D:9      | Killed a troll
  4573 | D:9      | Reached skill level 2 in Invocations
  4683 | D:9      | Noticed a two-headed ogre
  4805 | D:8      | Reached skill level 3 in Invocations
  4805 | D:8      | Slain by a hornet

Vault maps used:
D:1:      lightli_arrival_noodles, minmay_misc_feat_square
D:2:      first_bread, okawaru_gym_becter
D:3:      yredelemnul_forgotten_temple_becter, kennysheep_vampire_church
D:4:      fiery_altar_vehumet
D:5:      grunt_temple_overflow_forces_of_nature, serial_shops,
          nicolae_shop_overgrown_old_shop, yredelemnul_altar_generic
D:6:      minitemple, minmay_temple_entry_butterflies, centaur_isle
D:7:      grunt_temple_overflow_champion_of_chaos, grunt_ministairs_1
D:8:      nicolae_overflow_quartered_altars, uniq_erica
D:9:      david_lair_generic, uniq_pikel

Skill      XL: |  1  2  3  4  5  6  7  8  9 |
---------------+----------------------------+-----
Fighting       | 2 3 |  3.0
Maces & Flails | 2 3 4 5 7 9 10 | 10.2
Invocations    | 3 |  3.0
Dodging        | |  1.7
Stealth        | |  1.4
Spellcasting   | |  2.4
Summonings     | |  3.6

Action                   |  1- 3 |  4- 6 |  7- 9 || total
-------------------------+-------+-------+-------++-------
Melee: Hand axe          |    17 |       |       ||    17
       Unarmed           |     7 |       |       ||     7
       Short sword       |    48 |       |       ||    48
       Rapier            |     8 |   102 |       ||   110
       Whip              |     4 |       |       ||     4
       Kick              |     1 |    30 |    83 ||   114
       Mace              |       |    54 |   108 ||   162
       Flail             |       |       |   239 ||   239
       Punch             |       |       |     2 ||     2
Throw: Large rock        |       |       |     1 ||     1
 Cast: Summon Small Mamm |     6 |       |       ||     6
       Call Imp          |     8 |     4 |    10 ||    22
       Call Canine Famil |     1 |    14 |    24 ||    39
Invok: Heroism           |       |     1 |     5 ||     6
Evoke: Wand              |       |       |    12 ||    12
  Use: Scroll            |     2 |     2 |     9 ||    13
       Potion            |     2 |       |     9 ||    11
 Stab: Sleeping          |     1 |       |     1 ||     2
       Distracted        |       |       |     3 ||     3
       Paralysed         |       |       |     8 ||     8
  Eat: Chunk             |     1 |     9 |     9 ||    19
       Royal jelly       |       |       |     1 ||     1
       Fruit             |       |       |     4 ||     4
Armor: Robe              |    27 |    41 |    80 ||   148
       Skin              |       |       |    45 ||    45
Dodge: Dodged            |    59 |    85 |   176 ||   320
